Map: Blackpink LE

Players

Dessa

  • Race: Zerg Zerg
  • League: Diamond
  • Spawn Location: 7:00

jedwik - Winner!

  • Race: Zerg Zerg
  • League: Diamond
  • Spawn Location: 1:00

VOD

Have the link to the VOD?

Description

Time

  • Played on: Jan. 20, 2018, 2:24 p.m.
  • Length: 9:51
Show
View Real Time Build Order
Export as new Build Order

Dessa Zerg 

Build Orders: Pool First 

Get SALT Encoding   

  12  0:02  Drone  
  13  0:13  Overlord  
  13  0:18  Drone  
  14  0:31  Drone x2  
  14  0:35  Drone  
  17  0:40  Extractor  
  16  0:46  Drone  
  17  0:52  Spawning Pool  
  16  0:57  Drone  
  17  1:20  Hatchery  
  17  1:24  Drone  
  17  1:31  Drone  
  18  1:34  Drone  
  18  1:39  Metabolic Boost  
  19  1:42  Drone  
  20  1:50  Overlord  
  20  1:59  Queen  
  22  2:08  Zergling x2  
  22  2:14  Zergling x2  
  24  2:23  Drone  
  25  2:32  Queen  
  25  2:33  Drone  
  25  2:34  Drone  
  25  2:36  Queen  
  29  2:41  Baneling Nest  
  29  2:43  Drone  
  31  2:49  Drone  
  32  2:54  Overlord  
  32  2:59  Drone  
  32  3:04  Drone  
  34  3:11  Extractor  
  33  3:26  Drone  
  34  3:27  Drone x3  
  34  3:28  Drone  
  34  3:29  Drone  
  38  3:37  Overlord  
  38  3:40  Zergling x2  
  39  3:43  Overlord  
  39  3:46  Zergling x4  
  39  3:47  Drone x3  
  44  4:01  Zergling x4  
  44  4:02  Zergling x2  
  42  4:11  Zergling x4  
  42  4:12  Queen  
  30  4:33  Queen  
  30  4:35  Drone x6  
  30  4:37  Baneling x4  
  38  4:46  Zergling x4  
  38  4:48  Spine Crawler  
  38  4:50  Queen  
  41  4:55  Zergling x2  
  41  4:56  Baneling  
  41  5:04  Zergling x4  
  43  5:11  Zergling x2  
  39  5:16  Zergling x2  
  35  5:36  Baneling x3  
  35  5:38  Queen  
  37  5:43  Drone x4  
  37  5:44  Drone  
  42  5:50  Evolution Chamber  
  42  5:51  Drone, Roach Warren  
  41  5:59  Drone x4  
  41  6:00  Overlord  
  45  6:06  Drone  
  45  6:11  Baneling  
  46  6:12  Zergling x8  
  50  6:30  Zerg Missile Weapons Level 1  
  50  6:40  Roach x5  
  50  6:41  Roach, Lair  
  50  6:42  Overlord  
  62  6:49  Drone  
  59  7:08  Drone  
  59  7:09  Roach x2  
  59  7:10  Roach x5  
  59  7:11  Overlord x2  
  74  7:25  Overlord  
  74  7:29  Overlord  
  74  7:31  Roach x2  
  78  7:39  Glial Reconstitution  
  78  7:48  Extractor x2  
  76  8:01  Ravager x4, Hatchery  
  76  8:02  Ravager x3  
  76  8:03  Overlord x2  
  76  8:04  Roach x5  
  92  8:08  Overlord  
  92  8:26  Overlord  
  92  8:38  Overlord x2  
  92  8:43  Roach x3  
  97  8:50  Roach x4  
  97  8:54  Roach  
  102  9:23  Roach x3  
  102  9:24  Roach x4  
Show
View Real Time Build Order
Export as new Build Order

jedwik Zerg - Winner!

Build Orders: Hatch First, Zergling Baneling 

Get SALT Encoding   

  12  0:02  Drone  
  13  0:13  Overlord  
  13  0:17  Drone  
  14  0:31  Drone x2  
  16  0:37  Drone  
  17  0:53  Hatchery  
  17  0:56  Drone  
  17  1:01  Drone  
  18  1:08  Drone  
  19  1:11  Extractor  
  18  1:20  Spawning Pool  
  18  1:21  Drone  
  18  1:31  Drone  
  19  1:41  Overlord  
  19  1:56  Drone  
  20  2:06  Queen  
  20  2:07  Queen  
  24  2:08  Zergling x2  
  24  2:09  Zergling x2  
  24  2:13  Drone  
  24  2:14  Metabolic Boost  
  27  2:18  Drone  
  28  2:28  Drone x2  
  30  2:42  Baneling Nest  
  30  2:43  Drone x2  
  31  2:47  Drone  
  32  2:57  Overlord  
  32  3:03  Hatchery  
  31  3:10  Zergling x2  
  31  3:11  Zergling x6  
  35  3:23  Zergling x2  
  35  3:24  Zergling x10  
  41  3:30  Baneling  
  41  3:31  Baneling x3  
  41  3:38  Drone x2  
  43  3:50  Drone  
  43  3:51  Overlord x2  
  42  4:03  Zergling x2  
  42  4:10  Zergling x2  
  42  4:11  Drone, Zergling x4  
  42  4:12  Drone x2  
  42  4:31  Drone, Zergling x4  
  41  4:32  Zergling x12  
  41  4:35  Baneling x2  
  48  4:39  Queen  
  48  4:40  Drone x3  
  48  4:41  Drone  
  48  4:42  Baneling x2  
  54  4:48  Zergling x2  
  54  4:49  Zergling x2  
  53  5:02  Drone, Zergling x2  
  53  5:03  Drone x2  
  57  5:08  Roach Warren  
  47  5:28  Zergling x6  
  47  5:29  Zergling x10  
  47  5:30  Zergling x2  
  47  5:35  Drone x2  
  56  5:39  Spine Crawler  
  56  5:41  Spine Crawler  
  53  5:45  Extractor  
  53  5:46  Drone x3, Extractor  
  53  5:49  Baneling x2  
  54  5:53  Lair  
  54  5:55  Extractor  
  53  6:00  Drone x3  
  56  6:04  Roach x2  
  56  6:05  Roach x3  
  56  6:07  Overlord x3  
  64  6:26  Drone x5  
  68  6:35  Extractor  
  68  6:36  Drone x7  
  68  6:37  Roach x4  
  68  6:38  Roach  
  83  7:00  Extractor  
  82  7:01  Overseer  
  82  7:04  Roach x3  
  82  7:05  Overlord x4  
  88  7:12  Evolution Chamber  
  88  7:13  Glial Reconstitution  
  88  7:15  Hydralisk Den  
  86  7:18  Evolution Chamber  
  85  7:30  Drone x3  
  85  7:32  Drone  
  85  7:33  Drone x2  
  91  7:46  Drone x3  
  91  7:50  Hydralisk x3  
  100  7:51  Hydralisk  
  100  7:54  Zerg Missile Weapons Level 1  
  100  7:57  Zerg Ground Armor Level 1  
  102  8:05  Drone, Zergling x2  
  103  8:06  Drone x6  
  103  8:11  Hydralisk x2  
  114  8:15  Muscular Augments  
  114  8:22  Hatchery  
  113  8:27  Hydralisk x3  
  119  8:34  Drone  
  119  8:35  Drone  
  119  8:37  Overlord x5  
  121  8:46  Hydralisk  
  122  8:56  Roach x3  
  122  8:57  Roach x4  
  122  8:59  Ravager x3  
  122  9:00  Ravager  
  131  9:21  Hydralisk  
  131  9:22  Hydralisk x6  
  139  9:25  Roach x2  
  139  9:30  Roach  
Tags
 
Matchup
ZvZ
Race
Zerg
Replay Pack
2017S4
Spawn Locations
Cross Positions
Add a new tag
Caveats
  • Supply blocks, unpowered buildings, or Contaminate may cause inaccurate times.
  • Supply counts are checked every 10 seconds.